 Dungeon Crawl Stone Soup version 0.28.0-56-g4927b6849a (webtiles) character file.

Game seed: 11195316812298870861

573184 Kold the Conqueror (level 25, -1/385 HPs)
             Began as a Minotaur Gladiator on Feb 9, 2022.
             Was a High Priest of Okawaru.
             Slain by a black draconian knight
             ... wielding a +0 great sword
             ... summoned by a shadow demon
             ... summoned by a dread lich
              (11 damage)
             ... on level 5 of the Realm of Zot on Feb 1, 2023.
             The game lasted 02:41:54 (82066 turns).

Kold the Conqueror (Minotaur Gladiator)            Turns: 82066, Time: 02:41:56

Health: -1/385     AC: 55    Str: 31 (33) XL:     25   Next: 70%
Magic:  0/35       EV: 24    Int:  5 (10) God:    Okawaru [*****.]
Gold:   1188       SH:  0    Dex: 16 (17) Spells: 30/34 levels left

rFire   + + +      SeeInvis +   X - +9 lajatang (elec)
rCold   . . .      Faith    .   (shield currently unavailable)
rNeg    + . .      Spirit   +   i - +11 crystal plate armour of Inquiry {Fly rN+ Int+2}
rPois   +          Reflect  .   N - +2 hat {SInv}
rElec   +          Harm     .   Z - +2 cloak {Stlth+}
rCorr   .          Rampage  .   q - +1 pair of gloves "Zups" {rElec rPois Str+3}
Will    +....                   t - +2 pair of boots "Tiorol Abyw" {rPois rF++}
Stlth   ..........              z - amulet of Locvyodgh {Spirit Slay+5}
HPRegen 0.74/turn               o - ring of Patience {rF+ Int+3 Slay+4}
MPRegen 0.24/turn               O - ring of Woisol {EV+4 Dex+4 Stlth+}

@: berserking (expiring), heroic, flying, studying Dodging, very quick
A: horns 2, retaliatory headbutt
}: 3/15 runes: serpentine, barnacled, silver
a: Renounce Religion, Heroism, Finesse, Duel


You were on level 5 of the Realm of Zot.
You worshipped Okawaru.
Okawaru was extremely pleased with you.
You visited 12 branches of the dungeon, and saw 51 of its levels.
You visited the Abyss 1 time.
You also visited: Bailey, Gauntlet, Ice Cave, Volcano and Wizlab.

You collected 7755 gold pieces.
You spent 6567 gold pieces at shops.

Inventory:

Hand Weapons
 X - a +9 lajatang of electrocution (weapon)
Missiles
 b - 12 silver javelins
 r - 28 javelins (quivered)
 W - 13 throwing nets
Armour
 i - the +11 crystal plate armour of Inquiry (worn) {Fly rN+ Int+2}
   (You acquired it on level 14 of the Dungeon)

   Int:       It affects your intelligence (+2).
   rN:        It protects you from negative energy.
   Fly:       It grants you flight.
 q - the +1 pair of gloves "Zups" (worn) {rElec rPois Str+3}
   (You bought it in a shop on level 2 of the Vaults)

   Str:       It affects your strength (+3).
   rElec:     It insulates you from electricity.
   rPois:     It protects you from poison.
 t - the +2 pair of boots "Tiorol Abyw" (worn) {rPois rF++}
   (You bought it in a shop on level 2 of the Vaults)

   rF:        It greatly protects you from fire.
   rPois:     It protects you from poison.
 N - a +2 hat of see invisible (worn)
 Z - a +2 cloak of stealth (worn)
Jewellery
 k - a +4 ring of evasion
 o - the ring of Patience (left hand) {rF+ Int+3 Slay+4}
   (You bought it in a shop on level 4 of the Depths)

   [ring of slaying]

   Int:       It affects your intelligence (+3).
   Slay:      It affects your accuracy & damage with ranged weapons and melee
   (+4).
   rF:        It protects you from fire.
 p - a +6 ring of dexterity
 v - a ring of resist corrosion
 z - the amulet of Locvyodgh (around neck) {Spirit Slay+5}
   (You bought it in a shop on level 4 of the Depths)

   [amulet of guardian spirit]

   It causes incoming damage to be divided between your reserves of health and
   magic.
   Slay:      It affects your accuracy & damage with ranged weapons and melee
   (+5).
 G - the amulet "Hytwal" {RegenMP Will+}
   (You took it off a vault warden on level 5 of the Vaults)

   [amulet of magic regeneration]

   It increases your rate of magic regeneration.
   Will:      It increases your willpower.
 I - a ring of willpower
 K - an amulet of regeneration
 O - the ring of Woisol (right hand) {EV+4 Dex+4 Stlth+}
   (You found it on level 12 of the Dungeon)

   [ring of evasion]

   EV:        It affects your evasion (+4).
   Dex:       It affects your dexterity (+4).
   Stlth:     It makes you more stealthy.
 V - a +4 ring of protection
Wands
 j - a wand of polymorph (17)
 u - a wand of paralysis (23)
 x - a wand of digging (11)
 C - a wand of iceblast (31)
 R - a wand of acid (31)
 S - a wand of mindburst (33)
Scrolls
 c - 6 scrolls of blinking
 d - 5 scrolls of enchant weapon
 h - 31 scrolls of teleportation
 n - 4 scrolls of holy word
 s - 9 scrolls of fog
 y - 11 scrolls of amnesia
 B - 8 scrolls of fear
 D - 3 scrolls of magic mapping
 H - 2 scrolls of silence
 J - 8 scrolls of enchant armour
 M - a scroll of brand weapon
Potions
 a - 8 potions of ambrosia
 e - 4 potions of berserk rage
 f - 18 potions of curing
 g - 12 potions of brilliance
 l - 3 potions of magic
 m - 5 potions of resistance
 w - 10 potions of cancellation
 A - 2 potions of invisibility
 E - 7 potions of mutation
 F - 6 potions of haste
 L - 7 potions of flight
 Q - 8 potions of heal wounds
 Y - 8 potions of might


   Skills:
 O Level 27 Fighting
 - Level 23.0(27) Staves
 + Level 11.7(16.7) Throwing
 - Level 22.0(27) Armour
 + Level 23.5(27) Dodging
 - Level 5.0(10.0) Stealth
 - Level 5.0 Spellcasting
 - Level 11.2 Transmutations
 + Level 19.6 Invocations


You had 30 spell levels left.
You knew the following spells:

 Your Spells              Type           Power      Damage    Failure   Level
a - Wereblood             Tmut           12%        N/A       2%          2
b - Blink                 Tloc           2%         N/A       94%         2

Your spell library contained the following spells:

 Spells                   Type           Power      Damage    Failure   Level
 Sting                    Tmut/Pois      24%        1d4       16%         1
 Passwall                 Tmut/Erth      5%         N/A       24%         2
 Blade Hands              Tmut           6%         N/A       41%         5
 Spider Form              Tmut/Pois      6%         N/A       43%         3
 Apportation              Tloc           2%         N/A       85%         1
 Foxfire                  Conj/Fire      4%         2x1d4     85%         1
 Sandblast                Erth           2%         2d4       85%         1
 Slow                     Hex            4%         N/A       85%         1
 Ice Form                 Ice/Tmut       6%         N/A       85%         4
 Petrify                  Tmut/Erth      6%         N/A       85%         4
 Corpse Rot               Necr/Air       2%         N/A       94%         2
 Ensorcelled Hibernation  Hex/Ice        2%         N/A       94%         2
 Poisonous Vapours        Pois/Air       2%         N/A       94%         2
 Scorch                   Fire           2%         2d5       94%         2
 Static Discharge         Conj/Air       1%         N/A       94%         2
 Sublimation of Blood     Necr           1%         N/A       94%         2
 Confusing Touch          Hex            1%         N/A       99%         3
 Conjure Flame            Conj/Fire      1%         6-21      99%         3
 Dazzling Flash           Conj/Hex       2%         N/A       99%         3
 Frozen Ramparts          Ice            2%         1d2       99%         3
 Gell's Gravitas          Tloc           1%         N/A       99%         3
 Inner Flame              Hex/Fire       1%         N/A       99%         3
 Lesser Beckoning         Tloc           1%         N/A       99%         3
 Portal Projectile        Hex/Tloc       2%         N/A       99%         3
 Stone Arrow              Conj/Erth      2%         3d7       99%         3
 Teleport Other           Tloc           1%         N/A       99%         3
 Vampiric Draining        Necr           1%         2d6       99%         3
 Alistair's Intoxication  Tmut/Pois      4%         N/A       99%         5
 Irradiate                Conj/Tmut      3%         3d14      99%         5
 Yara's Violent Unravell  Hex/Tmut       3%         3d4       99%         5
 Anguish                  Hex/Necr       0%         N/A       100%        4
 Cause Fear               Hex            0%         N/A       100%        4
 Dispel Undead            Necr           1%         3d6       100%        4
 Flame Wave               Conj/Fire      1%         2d4       100%        4
 Hailstorm                Conj/Ice       1%         3d3       100%        4
 Iskenderun's Mystic Bla  Conj/Tloc      1%         2d3       100%        4
 Leda's Liquefaction      Hex/Erth       0%         N/A       100%        4
 Olgreb's Toxic Radiance  Pois           1%         N/A       100%        4
 Passage of Golubria      Tloc           1%         N/A       100%        4
 Sticky Flame             Conj/Fire      1%         2d3       100%        4
 Agony                    Necr           1%         N/A       100%        5
 Borgnjor's Vile Clutch   Necr/Erth      0%         N/A       100%        5
 Fireball                 Conj/Fire      0%         3d3       100%        5
 Iskenderun's Battlesphe  Conj           1%         2d6       100%        5
 Lee's Rapid Deconstruct  Erth           0%         3d5*      100%        5
 Lightning Bolt           Conj/Air       0%         1d11      100%        5
 Manifold Assault         Tloc           1%         N/A       100%        5
 Silence                  Hex/Air        0%         N/A       100%        5
 Conjure Ball Lightning   Conj/Air       0%         3x3d6     100%        6
 Dispersal                Tloc           0%         N/A       100%        6
 Eringya's Noxious Bog    Tmut/Pois      3%         N/A       100%        6
 Iron Shot                Conj/Erth      0%         9d1       100%        6
 Starburst                Conj/Fire      0%         6d3       100%        6
 Statue Form              Tmut/Erth      4%         N/A       100%        6
 Dragon Form              Tmut           6%         N/A       100%        7
 Enfeeble                 Hex            0%         N/A       100%        7
 Orb of Destruction       Conj           0%         9d5       100%        7
 Storm Form               Tmut/Air       3%         N/A       100%        7
 Discord                  Hex            0%         N/A       100%        8
 Necromutation            Tmut/Necr      3%         N/A       100%        8
 Shatter                  Erth           0%         3d5*      100%        9
 Animate Skeleton         Necr           Unusable   N/A       N/A         1
 Summon Small Mammal      Summ           Unusable   N/A       N/A         1
 Call Canine Familiar     Summ           Unusable   N/A       N/A         3
 Summon Guardian Golem    Hex/Summ       Unusable   N/A       N/A         3
 Tukima's Dance           Hex            Unusable   N/A       N/A         3
 Animate Armour           Summ/Erth      Unusable   N/A       N/A         4
 Summon Ice Beast         Ice/Summ       Unusable   N/A       N/A         4
 Simulacrum               Ice/Necr       Unusable   N/A       N/A         6
 Summon Hydra             Summ           Unusable   N/A       N/A         7

Dungeon Overview and Level Annotations

Branches:
Dungeon (15/15)            Temple (1/1) D:4            Lair (6/6) D:9
 Shoals (4/4) Lair:2        Snake (4/4) Lair:2        Slime (0/5) Lair:5
    Orc (2/2) D:10            Elf (3/3) Orc:2        Vaults (5/5) D:14
  Crypt (1/3) Vaults:2     Depths (4/4) D:15           Hell (visited)
    Dis (0/7) Hell            Geh (0/7) Hell            Coc (0/7) Hell
    Tar (0/7) Hell            Zot (5/5) Depths:4     Bailey (visited)
  IceCv (visited)         Volcano (visited)          WizLab (visited)
Gauntlet (visited)

Altars:
Ashenzari
Cheibriados
Dithmenos
Elyvilon
Fedhas
Gozag
Hepliaklqana
Kikubaaqudgha
Makhleb
Nemelex Xobeh
Okawaru
Qazlal
Ru
Sif Muna
Trog
Uskayaw
Vehumet
Wu Jian
Xom
Yredelemnul
Zin
The Shining One
Beogh

Shops:
D:10 (   D:12 :   Orc:2 (:**(*[=   Elf:2 !*   Shoals:2 ([**!   Shoals:3 ?(
Shoals:4 :   Snake:1 (   Vaults:2 *[!(   Vaults:3 [*??   Depths:3 ?(=
Depths:4 ==:

Portals:
Hell: Depths:1 Depths:2 Depths:3 Depths:4
Abyss: Depths:3
Pandemonium: Depths:2 Depths:3
Ziggurat: Depths:3

Annotations:
D:6 exclusion: oklob plant
Elf:3 exclusions: earth elemental and 1 more exclusion
Depths:1 1 runed translucent door
Zot:4 3 transporters
Zot:5 3 exclusions


Innate Abilities, Weirdness & Mutations

You have a pair of horns on your head.
You reflexively headbutt those who attack you in melee.


Message History

The dread lich touches you but does no damage.
The purple draconian hits you but does no damage.
The black draconian knight breathes lightning at you.
The bolt of lightning hits you. You resist.
* * * LOW HITPOINT WARNING * * *
The Orb Guardian hits you!
* * * LOW HITPOINT WARNING * * *
The electric golem blinks!
The black draconian knight hits you with a +1 war axe of freezing!
* * * LOW HITPOINT WARNING * * *
The black draconian knight freezes you.
* * * LOW HITPOINT WARNING * * *
The dread lich touches you but does no damage.
Unknown command.
You struggle against the net.
You feel a strong urge to attack something.
The black draconian knight casts a spell at you.
The shard of ice hits you!
* * * LOW HITPOINT WARNING * * *
The shadow demon barely misses you. You furiously retaliate!
You headbutt the shadow demon! The Orb Guardian hits you!!
* * * LOW HITPOINT WARNING * * *
You struggle against the net.
The dread lich casts a spell at you.
You shrug off the repeated paralysis!
The hellion barely misses you. You furiously retaliate!
You headbutt the hellion!
The black draconian knight mumbles some strange words.
The black draconian knight flickers and vanishes for a moment.
The Orb Guardian misses you. You furiously retaliate!
You headbutt the Orb Guardian!
You kill the Orb Guardian!
Okawaru accepts your kill.
You shred the net and break free!
You feel your anger nearly subside.
The dread lich touches you but does no damage.
The shadow demon barely misses you. You furiously retaliate!
You headbutt the shadow demon!!
The purple draconian hits you but does no damage.
The black draconian knight hits you with a +0 great sword!
You die...

###.......###..# #.........⌠
###.....# #..# #..........
################▓▓ ########.####
#.^.........§.(## #............
...!...........(## *#.....^.....
.................## #[..).......
...............9..# ##..(.......
......^........q12# #..........
...........[..qL@.# ##......^...
......^........dq2# #...........
.........†.^......# ##...........
............^...(.###..^.^.......
.................###...##########
.....^..........##....##
#.............(..§..###
▓▓....§##▓▓▓▓▓▓▓▓▓▓▓#
▓......,,,,,,,,,****


You could see an electric golem, a green draconian monk (summoned), 2
draconians, a dread lich (fast, invisible), an Ice Fiend (summoned), a purple
draconian (summoned), a shadow demon (summoned) and a hellion (summoned).

Vanquished Creatures
  2 dread liches (Vaults:5)
  An ancient lich (Vaults:5)
  2 orbs of fire
  Mennas (Vaults:2)
  A juggernaut (Depths:4)
  Vashnia (Snake:4)
  Xtahua (Depths:4)
  Frederick (Vaults:3)
  5 Killer Klowns
  A curse toe (Zot:4)
  8 caustic shrikes
  Geryon (Hell)
  7 golden dragons
  A bone dragon (Hell)
  The ghost of Kehicw the Executioner, an adept HOBr of Okawaru (Shoals:1)
  3 electric golems
  Jorgrun (D:15)
  24 tentacled monstrosities
  An Ice Fiend (IceCv)
  The ghost of Meod the Warrior, an adept MiBe of Trog (Shoals:3)
  Rupert (D:15)
  3 liches
  The ghost of Jazqba the Bludgeoner, an adept OgBe of Trog (Snake:4)
  8 Orb Guardians (Zot:5)
  A walking earthen tome (Depths:3)
  A walking frostbound tome (WizLab)
  4 titans
  5 quicksilver dragons
  A deep elf blademaster (Elf:2)
  A tentacled starspawn (Abyss:2)
  5 death cobs
  Frances (D:12)
  3 sphinxes
  2 deep elf master archers (Elf:3)
  6 shadow dragons
  Gastronok (Lair:3)
  9 tengu reavers
  9 storm dragons
  A daeva (Depths:3)
  2 strange machines (WizLab)
  6 fire giants
  13 frost giants
  4 nagarajas (Snake:4)
  10 draconian monks
  5 deep elf sorcerers
  A revenant (Crypt:1)
  A fire giant (shapeshifter) (Depths:1)
  4 draconian scorchers
  12 vault wardens
  3 iron dragons
  Aizul (Snake:4)
  6 draconian knights
  4 orc warlords
  A ghost moth (shapeshifter) (Vaults:5)
  3 balrugs
  Louise (Elf:1)
  The ghost of Icun the Thaumaturge, a journeyman GnWr of Okawaru (Snake:4)
  3 deep elf elementalists
  7 draconian shifters
  2 reapers
  2 draconian annihilators
  An angel (Depths:3)
  23 ironbound preservers
  4 very ugly things
  2 ironbound thunderhulks (Vaults:2)
  20 stone giants
  3 draconian stormcallers
  A spriggan defender (Depths:2)
  The ghost of Hulashix the Severer, a journeyman MiBe of Trog (Elf:1)
  4 vampire knights
  4 deep elf demonologists (Elf:3)
  7 war gargoyles
  3 putrid mouths (Hell)
  11 purple draconians
  13 green draconians
  11 red draconians
  14 dire elephants
  12 black draconians
  12 yellow draconians
  9 white draconians
  A minotaur (Gauntlet)
  4 lorocyprocas
  2 spark wasps
  10 deep elf annihilators
  11 ettins
  2 crystal guardians
  3 blizzard demons (Depths:2)
  5 merfolk javelineers
  A spectral kraken (Shoals:1)
  7 deep elf death magi
  4 fire dragons
  5 deep elf high priests
  6 great orbs of eyes
  9 merfolk impalers
  28 vault guards
  Harold (D:11)
  13 yaktaur captains
  7 ice dragons
  8 hydras
  10 rakshasas
  A catoblepas (Lair:6)
  2 salamander tyrants (Snake:4)
  4 merfolk avatars
  6 anacondas
  A catoblepas (shapeshifter) (Vaults:5)
  4 boulder beetles
  13 naga warriors
  3 ogre magi (Vaults:5)
  5 spriggan air magi
  An ice dragon (shapeshifter) (Depths:3)
  3 peacekeepers
  9 ironbound frosthearts
  2 caustic shrike simulacra (IceCv)
  2 death knights (Vaults:2)
  11 centaur warriors
  4 satyrs
  40 dancing weapons
  An alligator snapping turtle (Shoals:3)
  9 deep troll shamans
  2 merfolk aquamancers (Shoals:4)
  12 two-headed ogres
  6 hell hogs
  3 tengu warriors (D:13)
  2 death yaks (Lair:1)
  2 titan zombies (Vaults:4)
  An alligator (Lair:1)
  5 shock serpents
  A vampire mage (Depths:1)
  5 deep troll earth magi (Depths:4)
  5 spriggan berserkers
  Urug (Lair:2)
  10 soul eaters
  14 deep elf knights
  9 sun demons
  6 naga sharpshooters
  Nergalle (D:10)
  5 salamander mystics
  A fire crab (Lair:1)
  24 hell knights
  A wretched star (Abyss:2)
  7 iron trolls
  A goliath frog (shapeshifter) (Vaults:5)
  4 shadow wraiths
  2 skeletal warriors
  A fire crab (shapeshifter) (Vaults:5)
  10 sea snakes
  7 flayed ghosts
  A spriggan simulacrum (IceCv)
  57 deep trolls
  9 naga ritualists
  3 glowing orange brains
  9 lindwurms
  An orange crystal statue (Gauntlet)
  16 ironbound convokers
  6 deep elf archers
  7 orc knights
  A bog body (IceCv)
  3 phantasmal warriors
  An obsidian statue (IceCv)
  11 orc sorcerers
  16 wizards
  17 deep elf zephyrmancers
  18 harpies
  20 deep elf pyromancers
  9 mana vipers
  8 necromancers
  22 manticores
  8 cyclopes
  42 ugly things
  An oklob plant (Lair:5)
  12 fauns
  2 large abominations
  13 salamanders
  15 moths of wrath
  21 elephants
  8 rust devils
  6 guardian serpents
  8 water nymphs
  11 merfolk sirens
  34 black mambas
  15 naga magi
  4 smoke demons
  3 gargoyles (D:12)
  12 cane toads
  A water nymph (shapeshifter) (Depths:3)
  3 molten gargoyles
  A cane toad (shapeshifter) (D:14)
  An orange demon (Depths:3)
  An elf zombie (Vaults:3)
  A torpor snail (Lair:5)
  19 vault sentinels
  Maggie (D:10)
  2 spectral sea snakes (Shoals:1)
  13 freezing wraiths
  2 hellions
  14 komodo dragons
  2 anaconda simulacra
  21 yaktaurs
  A kobold demonologist (D:11)
  6 rime drakes
  A tengu conjurer (Depths:3)
  An entropy weaver simulacrum (IceCv)
  3 sea snake zombies (Hell)
  5 red devils
  4 ice devils
  A tormentor (Depths:2)
  2 hydra zombies (Hell)
  A yaktaur skeleton (Vaults:3)
  A golden dragon simulacrum (IceCv)
  A hellwing (Depths:2)
  5 polar bears
  A troll (shapeshifter) (D:15)
  6 wind drakes
  8 trolls
  47 merfolk
  7 hornets
  27 slime creatures
  12 snapping turtles
  12 dream sheep
  An ettin zombie (Vaults:4)
  A fire giant simulacrum (Vaults:3)
  A hydra skeleton (Hell)
  A human simulacrum (Vaults:3)
  8 blink frogs
  6 spriggans
  3 flying skulls (Crypt:1)
  4 shadows (D:12)
  4 air elementals
  A culicivora (shapeshifter) (D:15)
  2 alligator skeletons (Hell)
  2 vampires (D:12)
  4 wraiths
  2 ynoxinuls
  64 yaks
  16 water elementals
  5 wyverns
  5 fire elementals
  7 basilisks
  A dire elephant simulacrum (IceCv)
  A redback (shapeshifter) (Vaults:4)
  2 minotaur simulacra (IceCv)
  4 steam dragons
  13 vampire mosquitoes
  14 wargs
  Menkaure (D:7)
  A harpy simulacrum (IceCv)
  An acid dragon (D:8)
  42 nagas
  A hell hound (Volcano)
  12 water moccasins
  2 floating eyes
  A demonspawn skeleton (Crypt:1)
  2 spectral snapping turtles (Shoals:1)
  An ice beast (D:6)
  3 sky beasts
  A black bear (Lair:1)
  19 orc warriors
  A sky beast (shapeshifter) (D:13)
  A black bear (shapeshifter) (D:13)
  8 ogres
  6 boggarts
  A necrophage (D:7)
  11 centaurs
  7 wolves
  2 phantoms
  A kobold brigand (D:7)
  6 bullfrogs
  3 earth elementals
  2 gnoll sergeants
  3 scorpions
  5 deep troll simulacra (IceCv)
  A water moccasin zombie (D:5)
  14 killer bees
  A wight (D:8)
  13 electric eels
  3 centaur zombies
  8 jellies
  8 hounds
  9 orc priests
  A bullfrog skeleton (D:6)
  A centaur skeleton (D:6)
  Jessica (D:2)
  2 iguanas
  45 orc wizards
  Natasha (thrice) (D:2)
  2 hell rats (Hell)
  A killer bee zombie (D:7)
  A hound skeleton (D:5)
  2 howler monkey zombies (D:10)
  11 gnolls
  6 adders
  5 shadow imps
  4 white imps
  2 ufetubi (D:4)
  An adder skeleton (D:2)
  2 worms (D:3)
  3 dart slugs
  93 orcs
  21 endoplasms
  4 giant cockroaches
  15 goblins
  14 hobgoblins
  8 jackals
  25 kobolds
  2 quokkas
  8 ball pythons
  4 bats
  2 frilled lizards
  9 rats
2135 creatures vanquished.

Vanquished Creatures (collateral kills)
  A wyvern zombie (D:8)
1 creature vanquished.

Vanquished Creatures (others)
  A deep elf annihilator (Elf:3)
  A sea snake (Lair:6)
  A deep elf zephyrmancer (Elf:2)
  A molten gargoyle (Hell)
  A troll (D:12)
  A water elemental (Depths:2)
  2 hell rats (Hell)
  A quokka (D:4)
  34 bushes
  14 demonic plants (Gauntlet)
  40 fungi
  114 plants
  2 starspawn tentacles (Abyss:2)
  2 tentacles (Shoals:1)
  6 withered plants (Snake:4)
221 creatures vanquished.

Grand Total: 2357 creatures vanquished

Notes
Turn   | Place    | Note
-------+----------+-------------------------------------------
     0 | D:1      | Kold the Minotaur Gladiator began the quest for the Orb.
     0 | D:1      | Reached XP level 1. HP: 18/18 MP: 0/0
   188 | D:1      | Reached XP level 2. HP: 8/25 MP: 1/1
   692 | D:1      | Found a faded altar of an unknown god.
   976 | D:2      | Noticed Jessica
   984 | D:2      | Killed Jessica
   985 | D:2      | Reached skill level 5 in Staves
   985 | D:2      | Reached XP level 3. HP: 21/30 MP: 2/2
  1137 | D:2      | Noticed Natasha
  1155 | D:2      | Killed Natasha
  1156 | D:2      | Reached XP level 4. HP: 10/37 MP: 3/3
  1464 | D:2      | Noticed Natasha
  1472 | D:2      | Killed Natasha
  1783 | D:2      | Noticed Natasha
  1787 | D:2      | Killed Natasha
  1846 | D:2      | Reached XP level 5. HP: 42/42 MP: 4/4
  2781 | D:3      | Reached XP level 6. HP: 45/50 MP: 5/5
  3539 | D:4      | Found a white marble altar of Elyvilon.
  3573 | D:4      | Reached XP level 7. HP: 15/56 MP: 6/6
  3945 | D:4      | Reached skill level 10 in Staves
  4177 | D:4      | Found a shimmering blue altar of Sif Muna.
  4221 | D:4      | Found a staircase to the Ecumenical Temple.
  4423 | Temple   | Entered the Ecumenical Temple
  4606 | D:5      | Entered Level 5 of the Dungeon
  4962 | D:5      | Noticed a wyvern
  4993 | D:5      | Reached XP level 8. HP: 19/62 MP: 7/7
  5595 | D:6      | Reached skill level 1 in Armour
  5651 | D:6      | Found a hide-covered altar of Uskayaw.
  6069 | D:6      | Found a glowing silver altar of Zin.
  6109 | D:6      | Noticed an oklob plant
  6168 | D:6      | Reached skill level 5 in Dodging
  6265 | D:7      | Noticed Menkaure
  6280 | D:7      | Reached XP level 9. HP: 15/68 MP: 8/8
  6282 | D:7      | Killed Menkaure
  6562 | D:7      | Reached skill level 5 in Armour
  7250 | D:7      | Reached skill level 3 in Fighting
  8163 | D:8      | Found a flagged portal.
  8167 | D:8      | Reached skill level 4 in Fighting
  8181 | Bailey   | Entered a bailey
  8186 | Bailey   | Noticed an orc warlord
  8285 | Bailey   | Noticed an orc knight
  8297 | Bailey   | Killed an orc knight
  8298 | Bailey   | Reached skill level 5 in Fighting
  8395 | Bailey   | Noticed an orc knight
  8468 | Bailey   | Found a runed translucent gate.
  8468 | Bailey   | Found a runed translucent gate.
  8586 | Bailey   | Found a runed translucent gate.
  8596 | Bailey   | Reached XP level 10. HP: 62/81 MP: 6/9
  8808 | Bailey   | Killed an orc warlord
  8809 | Bailey   | Reached skill level 6 in Fighting
  8843 | Bailey   | Reached skill level 9 in Fighting
  8843 | Bailey   | Reached skill level 10 in Armour
  8843 | Bailey   | Reached XP level 11. HP: 66/97 MP: 10/10
  9051 | D:8      | Found a burning altar of Makhleb.
  9158 | D:8      | Found a shimmering altar of Xom.
  9194 | D:8      | Noticed a two-headed ogre
  9205 | D:8      | Killed a two-headed ogre
  9928 | D:9      | Found a broken altar of Ashenzari.
  9943 | D:9      | Found a staircase to the Lair.
 10068 | D:9      | Reached skill level 10 in Dodging
 10665 | D:9      | Noticed a white ugly thing
 10671 | D:9      | Noticed a centaur warrior
 10678 | D:9      | Killed a white ugly thing
 10679 | D:9      | Reached skill level 10 in Fighting
 10682 | D:9      | Killed a centaur warrior
 11155 | D:9      | Found a glowing golden altar of the Shining One.
 11349 | D:10     | Entered Level 10 of the Dungeon
 11354 | D:10     | Found Liw Nisa's Weapon Emporium.
 11373 | D:10     | Found a staircase to the Orcish Mines.
 11573 | D:10     | Noticed Nergalle
 11592 | D:10     | Killed Nergalle
 11867 | D:10     | Reached XP level 12. HP: 100/102 MP: 11/11
 11995 | D:10     | Noticed Maggie
 12005 | D:10     | Killed Maggie
 12271 | D:10     | Found an iron altar of Okawaru.
 12305 | D:10     | Became a worshipper of Warmaster Okawaru
 12691 | D:11     | Reached skill level 15 in Staves
 12938 | D:11     | Noticed Harold
 12965 | D:11     | Reached * piety under Okawaru
 12968 | D:11     | Noticed a two-headed ogre
 12982 | D:11     | Killed Harold
 12989 | D:11     | Killed a two-headed ogre
 13814 | D:11     | Reached ** piety under Okawaru
 14099 | D:12     | Noticed Frances
 14488 | D:12     | Killed Frances
 14489 | D:12     | Reached skill level 5 in Invocations
 15024 | D:12     | Noticed a five-headed hydra
 15033 | D:12     | Killed a five-headed hydra
 15224 | D:12     | Noticed a two-headed ogre
 15231 | D:12     | Reached *** piety under Okawaru
 15234 | D:12     | Killed a two-headed ogre
 15600 | D:12     | Noticed a boulder beetle
 15611 | D:12     | Killed a boulder beetle
 15611 | D:12     | Received a gift from Okawaru
 15612 | D:12     | Reached XP level 13. HP: 55/115 MP: 9/18
 16292 | D:12     | Identified the ring of Woisol {EV+4 Dex+4 Stlth+}
 16342 | D:12     | Reached **** piety under Okawaru
 16343 | D:12     | Reached skill level 10 in Invocations
 16343 | D:12     | Reached skill level 11 in Fighting
 16503 | D:12     | Received a gift from Okawaru
 16936 | D:12     | Noticed a deep elf annihilator
 16942 | D:12     | Killed a deep elf annihilator
 16948 | D:12     | Received a gift from Okawaru
 17183 | D:12     | Found Qiwywniy's Book Boutique.
 17540 | Lair:1   | Entered Level 1 of the Lair of Beasts
 17592 | Lair:1   | Noticed a dire elephant
 17973 | D:9      | Killed a dire elephant
 18391 | Lair:1   | Noticed a dire elephant
 18461 | Lair:1   | Killed a dire elephant
 18534 | Lair:1   | Received a gift from Okawaru
 18535 | Lair:1   | Reached skill level 12 in Fighting
 19012 | Lair:1   | Reached ***** piety under Okawaru
 20083 | Lair:2   | Found a gate leading to a gauntlet.
 20088 | Lair:2   | Identified the +1 ring mail "Zusaxif" {Str+3 SInv} (Okawaru
                  | gifted it to you on level 2 of the Lair of Beasts)
 20088 | Lair:2   | Received a gift from Okawaru
 20187 | Gauntlet | Entered a Gauntlet
 20187 | Gauntlet | Found a large runed translucent door.
 20187 | Gauntlet | Found a large runed translucent door.
 20187 | Gauntlet | Found a large runed translucent door.
 20187 | Gauntlet | Found a large runed translucent door.
 20187 | Gauntlet | Found a large runed translucent door.
 20187 | Gauntlet | Found a large runed translucent door.
 20187 | Gauntlet | Found a runed translucent door.
 20187 | Gauntlet | Found a transporter.
 20187 | Gauntlet | Found a transporter.
 20187 | Gauntlet | Found a runed translucent door.
 20187 | Gauntlet | Found a large runed translucent door.
 20187 | Gauntlet | Found a large runed translucent door.
 20187 | Gauntlet | Found a large runed translucent door.
 20187 | Gauntlet | Found a large runed translucent door.
 20187 | Gauntlet | Found a large runed translucent door.
 20187 | Gauntlet | Found a large runed translucent door.
 20195 | Gauntlet | Found a transporter.
 20195 | Gauntlet | Found a transporter.
 20196 | Gauntlet | Found a large runed translucent door.
 20196 | Gauntlet | Found a large runed translucent door.
 20196 | Gauntlet | Found a large runed translucent door.
 20196 | Gauntlet | Found a large runed translucent door.
 20200 | Gauntlet | Found a runed translucent gate.
 20200 | Gauntlet | Found a runed translucent gate.
 20200 | Gauntlet | Found a runed translucent gate.
 20207 | Gauntlet | Found a transporter.
 20215 | Gauntlet | Found a transporter.
 20215 | Gauntlet | Found a transporter.
 20239 | Gauntlet | Found a transporter.
 20246 | Gauntlet | Found a transporter.
 20258 | Gauntlet | Found a transporter.
 20276 | Gauntlet | Found a transporter.
 20298 | Gauntlet | Found a transporter.
 20344 | Gauntlet | Found a transporter.
 20358 | Gauntlet | Found a transporter.
 20459 | Gauntlet | Found a transporter.
 20473 | Gauntlet | Found a transporter.
 20670 | Gauntlet | Reached XP level 14. HP: 120/127 MP: 16/20
 20675 | Gauntlet | Identified the ring of Vuugarim {+Blink Fly Str+6 Dex+5
                  | Slay-3}
 21254 | Lair:2   | Found a staircase to the Snake Pit.
 21446 | Lair:2   | Noticed Urug
 21462 | Lair:2   | Killed Urug
 21558 | Lair:2   | Found a staircase to the Shoals.
 22000 | Lair:3   | Noticed Gastronok
 22033 | Lair:3   | Killed Gastronok
 22271 | Lair:3   | Reached skill level 13 in Fighting
 23938 | Lair:4   | Identified 3 scrolls of acquirement
 24634 | Lair:5   | Found a dark tunnel.
 24634 | Lair:5   | Received a gift from Okawaru
 24884 | Volcano  | Entered a volcano
 25467 | Lair:5   | Found a staircase to the Slime Pits.
 26053 | Lair:5   | Received a gift from Okawaru
 26463 | Lair:6   | Entered Level 6 of the Lair of Beasts
 26476 | Lair:5   | Reached skill level 14 in Fighting
 26546 | Lair:6   | Reached XP level 15. HP: 119/138 MP: 18/21
 27568 | Lair:6   | Reached skill level 15 in Armour
 28379 | Lair:6   | Identified the +3 quick blade "Cuuwuxt" {flame, rF+ Will+
                  | Int+4} (Okawaru gifted it to you on level 6 of the Lair of
                  | Beasts)
 28379 | Lair:6   | Received a gift from Okawaru
 28786 | Orc:1    | Entered Level 1 of the Orcish Mines
 28786 | Orc:1    | Noticed an orc warlord
 28857 | D:10     | Killed an orc warlord
 29605 | Orc:2    | Entered Level 2 of the Orcish Mines
 29605 | Orc:2    | Found Hotzerox's Book Shoppe.
 29607 | Orc:2    | Found a staircase to the Elven Halls.
 29656 | Orc:1    | You fall into a shaft and drop 1 floor!
 29693 | Orc:2    | Found Nelauj's Weapon Shop.
 29708 | Orc:2    | Bought the +7 quarterstaff of the Grave {antimagic, Dex+5}
                  | for 903 gold pieces
 29796 | Orc:2    | Found Gebumob's Jewellery Shop.
 29808 | Orc:2    | Reached skill level 15 in Fighting
 30030 | Orc:2    | Found Teogo's Assorted Antiques.
 30030 | Orc:2    | Found Eclitil's Assorted Antiques.
 30040 | Orc:2    | Bought a potion of curing for 84 gold pieces
 30040 | Orc:2    | Bought a potion of heal wounds for 140 gold pieces
 30040 | Orc:2    | Bought a murky grey potion for 25 gold pieces
 30092 | Orc:2    | Paralysed by an orc sorcerer for 6 turns
 30105 | Orc:2    | Found Yschyuk's Assorted Antiques.
 30105 | Orc:2    | Found Giwnarail's Armour Shoppe.
 30174 | Orc:2    | Found Huebaurch's Weapon Boutique.
 30213 | Orc:2    | Bought an encrusted bone ring for 165 gold pieces
 30750 | Elf:1    | Entered Level 1 of the Elven Halls
 31178 | Elf:1    | Received a gift from Okawaru
 31196 | Elf:1    | Noticed Louise
 31211 | Elf:1    | Killed Louise
 31354 | Elf:1    | Found a runed translucent door.
 31354 | Elf:1    | Noticed Hulashix's ghost (journeyman MiBe)
 31406 | Elf:1    | Noticed a deep elf sorcerer
 31415 | Elf:1    | Killed a deep elf sorcerer
 31416 | Elf:1    | Reached skill level 15 in Dodging
 31416 | Elf:1    | Reached XP level 16. HP: 136/149 MP: 5/22
 32003 | Elf:1    | Killed Hulashix's ghost
 32066 | Elf:1    | Upgraded the game from 0.28.0 to 0.28.0-56-g4927b6849a
 32083 | Elf:1    | Acquired a +4 lajatang of electrocution
 32841 | Elf:2    | Paralysed by an air elemental for 1 turns
 32856 | Elf:2    | Received a gift from Okawaru
 32862 | Elf:2    | Reached ****** piety under Okawaru
 32871 | Elf:2    | Reached skill level 16 in Fighting
 33042 | Elf:2    | Paralysed by an air elemental for 1 turns
 33178 | Elf:2    | Found a runed translucent gate.
 33179 | Elf:2    | Found a runed translucent gate.
 33179 | Elf:2    | Found a runed translucent gate.
 33249 | Elf:2    | Found Diot's Gadget Gallery.
 33478 | Elf:2    | Found Derame's Distillery.
 33526 | Elf:2    | Bought a potion of heal wounds for 70 gold pieces
 35258 | Elf:3    | Entered Level 3 of the Elven Halls
 35718 | Elf:3    | Received a gift from Okawaru
 35721 | Elf:3    | Acquired 796 gold pieces
 35722 | Elf:3    | Acquired 453 gold pieces
 36122 | Elf:2    | Cast into level 2 of the Abyss (a deep elf sorcerer)
 36168 | Abyss:2  | Noticed a tentacled starspawn
 36173 | Abyss:2  | Killed a tentacled starspawn
 36325 | Abyss:5  | Entered Level 5 of the Abyss
 36351 | Abyss:5  | Found a corrupted altar of Lugonu.
 36359 | Elf:2    | Escaped the Abyss
 36446 | Elf:3    | Identified the +5 long sword of Imminent Death {vorpal,
                  | MP+9 Str+7 Dex+3}
 37146 | D:13     | Reached XP level 17. HP: 160/160 MP: 23/23
 37190 | D:13     | Identified the +1 ring mail of Perfidy {Harm rPois Will-}
 37339 | D:13     | Reached skill level 17 in Fighting
 37793 | D:14     | Found a gate to the Vaults.
 38299 | D:14     | Found an iron altar of Okawaru.
 38337 | D:14     | Acquired the +11 crystal plate armour of Inquiry {Fly rN+
                  | Int+2}
 38504 | D:15     | Entered Level 15 of the Dungeon
 38748 | D:15     | Noticed Jorgrun
 38758 | D:15     | Killed Jorgrun
 38835 | D:15     | Noticed Rupert
 38852 | D:15     | Killed Rupert
 38874 | D:15     | Found a staircase to the Depths.
 39098 | D:15     | Found a blossoming altar of Fedhas.
 39103 | D:15     | Received a gift from Okawaru
 39744 | Shoals:1 | Entered Level 1 of the Shoals
 40479 | Orc:2    | Bought a ring of willpower for 425 gold pieces
 40712 | Shoals:1 | Identified the +0 robe of the Stallion {Rampage Str-4
                  | Stlth+}
 41171 | Shoals:1 | Found a transporter.
 41171 | Shoals:1 | Found a transporter.
 41203 | Shoals:1 | Noticed Kehicw's ghost (adept HOBr)
 41339 | Shoals:1 | Identified the amulet of the Pariah {Reflect Harm Drain
                  | Str+4 SH+5}
 41591 | Shoals:1 | Killed Kehicw's ghost
 41991 | Shoals:1 | Identified the ring "Gogikk" {MP+9 Str+3}
 42000 | Shoals:1 | Got the Papyrus of Ashen Execration
 42507 | Shoals:2 | Reached skill level 18 in Fighting
 42518 | Shoals:2 | Received a gift from Okawaru
 42818 | Shoals:2 | Found Ethuzial's Merfolk Armours.
 42818 | Shoals:2 | Found Ethuzial's Visitors' Centre.
 42847 | Shoals:2 | Found Ethuzial's Merfolk Weapons.
 42847 | Shoals:2 | Found Ethuzial's Merfolk Magic.
 42882 | Shoals:2 | Bought a scroll of teleportation for 300 gold pieces
 43266 | Shoals:2 | Found Hyghocu's Distillery.
 43433 | Shoals:3 | Found a frozen archway.
 43476 | IceCv    | Entered an ice cave
 43934 | IceCv    | Noticed an Ice Fiend
 43951 | IceCv    | Killed an Ice Fiend
 44260 | IceCv    | Reached XP level 18. HP: 173/173 MP: 24/24
 44384 | Shoals:3 | Found a runed translucent door.
 44387 | Shoals:3 | Noticed Meod's ghost (adept MiBe)
 45264 | Shoals:3 | Found Lipea's Antique Weapon Boutique.
 45550 | Shoals:3 | Found Raut Wuarauk's Magic Scroll Shop.
 45568 | Shoals:3 | Bought a scroll of teleportation for 36 gold pieces
 45568 | Shoals:3 | Bought a scroll of blinking for 90 gold pieces
 45568 | Shoals:3 | Bought a scroll of blinking for 90 gold pieces
 45772 | Shoals:3 | Killed Meod's ghost
 45780 | Shoals:3 | Got the Volume of the Igneous Birds
 45809 | Shoals:4 | Entered Level 4 of the Shoals
 46515 | Shoals:4 | Found Bedghe's Book Shop.
 46565 | Shoals:4 | Reached skill level 19 in Fighting
 46601 | Shoals:4 | Received a gift from Okawaru
 46708 | Shoals:4 | Received a gift from Okawaru
 46967 | Shoals:4 | Identified the +7 longbow of Ancient Evil {flame, *Corrode
                  | rF+ Int+5}
 47365 | Shoals:4 | Got a barnacled rune of Zot
 48068 | Snake:1  | Entered Level 1 of the Snake Pit
 49099 | Elf:3    | Received a gift from Okawaru
 49107 | Elf:3    | Identified the +2 mace "Fylitu" {vorpal, Dex+3 SInv}
 50214 | Snake:1  | Found Nejib's Weapon Shoppe.
 50391 | Snake:2  | Identified the +4 lajatang "Lophu" {flame, Fly rElec rN+}
                  | (Okawaru gifted it to you on level 2 of the Snake Pit)
 50391 | Snake:2  | Received a gift from Okawaru
 51117 | Snake:2  | Reached skill level 20 in Fighting
 51324 | Snake:2  | Reached XP level 19. HP: 181/185 MP: 23/25
 51447 | Snake:2  | Found the +9 scales of the Dragon King {rPois rF+ rC+
                  | Will+}
 52411 | Snake:3  | Received a gift from Okawaru
 52972 | Snake:3  | Found a hazy altar of Hepliaklqana.
 53147 | Snake:4  | Entered Level 4 of the Snake Pit
 53703 | Snake:4  | Received a gift from Okawaru
 53840 | Snake:4  | Noticed Vashnia
 53866 | Snake:4  | Killed Vashnia
 54321 | Snake:4  | Received a gift from Okawaru
 54764 | Snake:4  | Found a runed translucent gate.
 54764 | Snake:4  | Found a runed translucent gate.
 54764 | Snake:4  | Found a runed translucent gate.
 54765 | Snake:4  | Noticed Icun's ghost (journeyman GnWr)
 54766 | Snake:4  | Noticed Jazqba's ghost (adept OgBe)
 54878 | Snake:4  | Noticed Aizul
 54891 | Snake:4  | Killed Aizul
 55420 | Snake:4  | Got a serpentine rune of Zot
 55576 | Snake:4  | Killed Jazqba's ghost
 55586 | Snake:4  | Killed Icun's ghost
 55938 | Vaults:1 | Entered Level 1 of the Vaults
 56108 | Vaults:1 | Got Oxzukh's Handbook of Scorching Translocation
 56793 | Vaults:2 | Found Ufatymiz's General Store.
 56810 | Vaults:2 | Bought the +1 pair of gloves "Zups" {rElec rPois Str+3} for
                  | 646 gold pieces
 56851 | Vaults:2 | Noticed Mennas
 56883 | Vaults:2 | Killed Mennas
 56884 | Vaults:2 | Reached skill level 5 in Throwing
 56928 | Vaults:2 | Found a staircase to the Crypt.
 56931 | Vaults:2 | Reached skill level 21 in Fighting
 56938 | Vaults:2 | Found Coehinul's Antique Armour Shoppe.
 56957 | Vaults:2 | Found a magical portal.
 56974 | WizLab   | Entered Tukima's Studio
 57032 | WizLab   | Identified the +2 pair of boots of Hedge Wizardry {+Inv
                  | rPois Dex+2 Stlth+} (Okawaru gifted it to you in a wizard's
                  | laboratory)
 57032 | WizLab   | Received a gift from Okawaru
 57033 | WizLab   | Reached XP level 20. HP: 188/198 MP: 24/27
 57117 | WizLab   | Noticed Kold's illusion
 57151 | WizLab   | Noticed Kold's illusion
 57167 | WizLab   | Noticed Kold's illusion
 57290 | WizLab   | Identified the +2 hat of Powerful the Leaf {rN+}
 57377 | Vaults:2 | Bought a pair of brightly glowing boots for 418 gold pieces
 57377 | Vaults:2 | Identified the +2 pair of boots "Tiorol Abyw" {rPois rF++}
                  | (You bought it in a shop on level 2 of the Vaults)
 57469 | Vaults:2 | Found Viumuim's Weapon Emporium.
 57746 | Vaults:2 | Found Quiff's Distillery.
 57787 | Vaults:2 | Bought a potion of heal wounds for 80 gold pieces
 57787 | Vaults:2 | Bought a potion of curing for 48 gold pieces
 57787 | Vaults:2 | Bought a potion of curing for 48 gold pieces
 58577 | Crypt:1  | Entered Level 1 of the Crypt
 58681 | Vaults:2 | Received a gift from Okawaru
 58931 | Vaults:3 | Found Xumpocso's Antique Armour Shoppe.
 58949 | Vaults:3 | Found Vemocaug's Magic Scroll Boutique.
 59021 | Vaults:3 | Identified the +1 scale mail of Mysticism {Rampage Str-2
                  | Int+8} (Okawaru gifted it to you on level 3 of the Vaults)
 59021 | Vaults:3 | Received a gift from Okawaru
 59686 | Vaults:3 | Found Gonuuh's Magic Scroll Shoppe.
 59723 | Vaults:3 | Paralysed by a sphinx for 2 turns
 59732 | Vaults:3 | Reached XP level 21. HP: 206/206 MP: 29/29
 60062 | Vaults:3 | Found Akarot's Assorted Antiques.
 60131 | Vaults:3 | Noticed Frederick
 60142 | Vaults:3 | Killed Frederick
 60558 | Vaults:4 | Reached skill level 10 in Throwing
 60720 | Vaults:4 | Reached skill level 22 in Fighting
 61396 | Vaults:4 | Received a gift from Okawaru
 61768 | Vaults:5 | Entered Level 5 of the Vaults
 62003 | Vaults:5 | Received a gift from Okawaru
 62210 | Vaults:5 | Noticed a golden dragon
 62224 | Vaults:5 | Killed a golden dragon
 62229 | Vaults:5 | Identified the +6 chain mail "Kiklits" {rN+ Int+4} (Okawaru
                  | gifted it to you on level 5 of the Vaults)
 62229 | Vaults:5 | Received a gift from Okawaru
 62325 | Vaults:5 | Identified the amulet "Hytwal" {RegenMP Will+}
 62543 | Vaults:5 | Reached XP level 22. HP: 212/215 MP: 30/30
 62543 | Vaults:5 | Noticed a dread lich
 62555 | Vaults:5 | Killed a dread lich
 62556 | Arena    | Entered the Arena
 62789 | Vaults:5 | Received a gift from Okawaru
 63079 | Vaults:5 | Identified the ring of Xom's Brutal Revenge {Wiz Will+}
 63082 | Vaults:5 | Identified the ring "Egeor" {Ice Will+ Int+4}
 63085 | Vaults:5 | Identified the amulet of the Shimmering Genius {Spirit
                  | Str+3 SInv}
 63110 | Vaults:5 | Identified the +6 dagger of the People {elec, rElec rN+}
 63122 | Vaults:5 | Identified the +0 chain mail of the Skies Above {rPois rF-
                  | Slay+4 SInv}
 63201 | Vaults:5 | Got a silver rune of Zot
 63299 | Vaults:5 | Noticed a dread lich
 63301 | Vaults:5 | Paralysed by a dread lich for 2 turns
 63308 | Vaults:5 | Killed a dread lich
 63351 | Vaults:5 | Identified the +1 plate armour of Gozag's Benevolence {rN+
                  | SInv}
 63391 | Vaults:5 | Reached skill level 23 in Fighting
 63501 | Vaults:5 | Noticed an ancient lich
 63509 | Vaults:5 | Killed an ancient lich
 64165 | Depths:1 | Entered Level 1 of the Depths
 64274 | Depths:1 | Paralysed by a floating eye for 3 turns
 64281 | Depths:1 | Paralysed by a floating eye for 3 turns
 64288 | Depths:1 | Paralysed by a floating eye for 2 turns
 65089 | Depths:1 | Found a runed translucent door.
 65246 | Depths:1 | Found a gateway to Hell.
 65430 | Depths:1 | Reached skill level 1 in Stealth
 65537 | Depths:1 | Learned a level 2 spell: Wereblood
 65540 | Depths:1 | Learned a level 2 spell: Blink
 65672 | Depths:1 | Noticed a caustic shrike
 65684 | Depths:1 | Killed a caustic shrike
 65684 | Depths:1 | Identified the +0 animal skin of Qifudy Zoaq {*Slow rElec
                  | rN+ Stlth+} (Okawaru gifted it to you on level 1 of the
                  | Depths)
 65684 | Depths:1 | Received a gift from Okawaru
 65689 | Depths:1 | Reached skill level 1 in Transmutations
 65801 | Depths:1 | Noticed a caustic shrike
 65802 | Depths:1 | Noticed a caustic shrike
 65802 | Depths:1 | Noticed a caustic shrike
 65807 | Depths:1 | Killed a caustic shrike
 65811 | Depths:1 | Killed a caustic shrike
 65816 | Depths:1 | Killed a caustic shrike
 66609 | Depths:2 | Reached XP level 23. HP: 219/229 MP: 23/33
 66658 | Depths:2 | Got the Almanac of Evil
 66814 | Depths:2 | Found a one-way gate leading to the halls of Pandemonium.
 66826 | Depths:2 | Reached skill level 24 in Fighting
 66968 | Hell     | Entered the Vestibule of Hell
 66968 | Hell     | Noticed Geryon
 67408 | Depths:2 | Reached skill level 15 in Invocations
 67709 | Hell     | Killed Geryon
 67710 | Hell     | Reached skill level 5 in Transmutations
 68478 | Depths:2 | Identified the +10 quarterstaff "Qustromo" {drain, rN++
                  | Dex+4} (Okawaru gifted it to you on level 2 of the Depths)
 68478 | Depths:2 | Received a gift from Okawaru
 69242 | Depths:3 | Reached skill level 5 in Stealth
 69390 | Depths:3 | Noticed a caustic shrike
 69398 | Depths:3 | Killed a caustic shrike
 69399 | Depths:3 | Identified the +0 falchion "Tisheb" {venom, SInv Stlth+}
 69400 | Depths:3 | Paralysed by a great orb of eyes for 6 turns
 70031 | Depths:3 | Got the Handbook of Dusty Snow
 70063 | Depths:3 | Identified the +1 robe of Refuge {rElec rF+} (Okawaru
                  | gifted it to you on level 3 of the Depths)
 70063 | Depths:3 | Received a gift from Okawaru
 70241 | Depths:3 | Found Cinetz's Jewellery Boutique.
 70243 | Depths:3 | Found Vyicseiph's Antique Weapon Shop.
 70246 | Depths:3 | Found Kiut's Magic Scroll Boutique.
 70256 | Depths:3 | Bought a runed lajatang for 342 gold pieces
 70286 | Depths:3 | Found a one-way gate to the infinite horrors of the Abyss.
 70372 | Depths:3 | You are sucked into a shaft and drop 1 floor!
 70372 | Depths:4 | Entered Level 4 of the Depths
 70514 | Depths:4 | Reached skill level 1 in Spellcasting
 70874 | Depths:3 | Found a one-way gateway to a ziggurat.
 70876 | Depths:3 | Noticed a caustic shrike
 70876 | Depths:3 | Noticed a caustic shrike
 70883 | Depths:3 | Noticed a caustic shrike
 70885 | Depths:3 | Killed a caustic shrike
 70887 | Depths:3 | Killed a caustic shrike
 70890 | Depths:3 | Killed a caustic shrike
 71415 | Depths:4 | Reached skill level 25 in Fighting
 71835 | Depths:4 | Found Juraa's Book Shoppe.
 71836 | Depths:4 | Found Ujeugh's Jewellery Boutique.
 71836 | Depths:4 | Found Buodepur's Jewellery Boutique.
 71843 | Depths:4 | Bought the ring of Patience {rF+ Int+3 Slay+4} for 1671
                  | gold pieces
 71843 | Depths:4 | Bought the amulet of Locvyodgh {Spirit Slay+5} for 986 gold
                  | pieces
 71962 | Depths:4 | Found a gate to the Realm of Zot.
 72083 | Depths:4 | Noticed a juggernaut
 72096 | Depths:4 | Killed a juggernaut
 72097 | Depths:4 | Reached XP level 24. HP: 227/242 MP: 33/34
 72161 | Depths:4 | Noticed Xtahua
 72166 | Depths:4 | Paralysed by Xtahua for 6 turns
 72176 | Depths:4 | Killed Xtahua
 72901 | Hell     | Reached skill level 10 in Transmutations
 73546 | Hell     | Identified the +0 pair of boots "Sioc" {rCorr Stlth+}
                  | (Okawaru gifted it to you in the Vestibule of Hell)
 73546 | Hell     | Received a gift from Okawaru
 73801 | Hell     | Found a gateway to the decaying netherworld of Tartarus.
 73857 | Hell     | Found a gateway to the freezing wastes of Cocytus.
 73988 | Hell     | Found a gateway to the Iron City of Dis.
 74134 | Hell     | Found a gateway to the ashen valley of Gehenna.
 74681 | Elf:3    | Identified the +10 spear "Vooshruv" {flame, rF+ Int+3}
 74878 | Elf:3    | Identified the +6 rapier "Iqehaf" {drain, rC+}
 74893 | Elf:3    | Identified the +7 hand crossbow "Errop" {freeze, Int+4
                  | Dex+5}
 74920 | Elf:3    | Identified the +3 arbalest "Toischez" {freeze, Int+6}
 75289 | Zot:1    | Entered Level 1 of the Realm of Zot
 76343 | Zot:2    | Reached skill level 5 in Spellcasting
 76366 | Zot:2    | Received a gift from Okawaru
 76384 | Zot:2    | Reached skill level 26 in Fighting
 77296 | Zot:3    | Identified the +0 buckler of the Saviour {Drain rF+ Dex+3}
                  | (Okawaru gifted it to you on level 3 of the Realm of Zot)
 77296 | Zot:3    | Received a gift from Okawaru
 77397 | Zot:3    | Noticed a Killer Klown
 77403 | Zot:3    | Killed a Killer Klown
 78005 | Zot:3    | Noticed an orb of fire
 78025 | Zot:3    | Killed an orb of fire
 78029 | Zot:3    | Reached XP level 25. HP: 169/255 MP: 17/35
 78467 | Zot:4    | Found a transporter.
 78483 | Zot:4    | Found a transporter.
 78545 | Zot:4    | Found a transporter.
 78549 | Zot:4    | Found a transporter.
 78942 | Zot:4    | Noticed a Killer Klown
 78955 | Zot:4    | Killed a Killer Klown
 78956 | Zot:4    | Reached skill level 27 in Fighting
 79740 | Zot:4    | Found a transporter.
 79741 | Zot:4    | Found a transporter.
 79989 | Zot:4    | Identified the +0 robe "Leenkoil" {Str+2 SInv}
 80065 | Zot:5    | Entered Level 5 of the Realm of Zot
 80095 | Zot:5    | Noticed a Killer Klown
 80524 | Zot:5    | Noticed a Killer Klown
 80532 | Zot:5    | Killed a Killer Klown
 80532 | Zot:5    | Received a gift from Okawaru
 80725 | Zot:4    | Identified the +5 plate armour of Zuwuzet {+Inv rCorr Int+3
                  | Dex+2} (Okawaru gifted it to you on level 4 of the Realm of
                  | Zot)
 80725 | Zot:4    | Received a gift from Okawaru
 81045 | Zot:5    | Killed a Killer Klown
 81976 | Zot:5    | Noticed an orb of fire
 81995 | Zot:5    | Killed an orb of fire
 82003 | Zot:5    | Noticed a dread lich
 82027 | Zot:5    | Noticed a Killer Klown
 82030 | Arena    | Entered the Arena
 82041 | Arena    | Killed a Killer Klown
 82061 | Zot:5    | Paralysed by a dread lich for 2 turns
 82064 | Zot:5    | HP: 9/385 [Orb Guardian (17)]
 82066 | Zot:5    | Slain by a black draconian knight

Illustrated notes

Levels and vault maps discovered:
D:1:      evilmike_arrival_crescent, layout_basic,
          hellmonk_ecumenical_altar_blasted
D:2:      layout_loops_ring, dk_noncrumbling_3, kennysheep_generic_room_9,
          uniq_jessica, uniq_natasha
D:3:      minmay_chambers_of_threes, layout_basic, chequers_arboretum
D:4:      layout_rooms, nicolae_elyvilon_temple_path, kennysheep_mini,
          lemuel_temple_firewalk_b
D:5:      layout_layer_cave
D:6:      lemuel_slime, layout_cave_pools, mainiacjoe_overflow_brackets,
          kennysheep_little_box
D:7:      layout_basic, roderic_roman_lattice, uniq_menkaure
D:8:      layout_rooms, overflow_temple_1_default, makhleb_blood_cavern_becter,
          enter_bailey_3, kennysheep_opposing_triangles
D:9:      cheibrodos_helix_gallery, layout_gridville, old_standard_altar,
          nicolae_tso_carved_into_rock, hangedman_minor_gate_pass
D:10:     layout_irregular_city, mainiacjoe_overflow_surrounded_room,
          orc_0_dummy, serial_shops, nicolae_shop_statue_plus, uniq_nergalle,
          uniq_maggie
D:11:     layout_layer_cave, kennysheep_windowed_goal, uniq_harold
D:12:     minmay_the_grid_net [minmay_the_grid_rooms,
          minmay_the_grid_medium_cups, minmay_the_grid_tri_star,
          minmay_the_grid_slots, minmay_the_grid_zigzag_pyramid,
          minmay_the_grid_prize_diamond_cup], layout_basic, serial_shops,
          nicolae_lakefront_shop, hangedman_decor_lopped, uniq_frances
D:13:     layout_basic
D:14:     layout_irregular_city, skrybe_vaults_entry_preservation,
          okawaru_trees_1
D:15:     grunt_enter_depths_giant_problem, layout_long_grid, fedhas_altar_1,
          amethyst_killhole, minmay_misc_feat_more_columns, uniq_jorgrun,
          uniq_rupert
Temple:   dshaligram_water_room_temple
Lair:1:   layout_long_grid, nicolae_lair_lakeside_cave
Lair:2:   layout_misc_corridors, minmay_shoals_entry_beasts,
          minmay_snake_entry_guardpost_medium, gauntlet_entry_generic,
          serial_bayou_shore_b, infiniplex_staircase_pool, uniq_urug
Lair:3:   layout_chaotic_city, serial_bayou, serial_bayou_shore_a,
          serial_bayou_pond_c, serial_bayou_lake_a, serial_bayou_lagoon_b,
          serial_bayou_pond_d, serial_bayou_ford_a, uniq_gastronok
Lair:4:   layout_regular_city
Lair:5:   layout_layer_cave, minmay_slime_entry_pillars,
          nicolae_volcano_entry_lava_flow
Lair:6:   gammafunk_lair_ancient_temple, layout_concentric_octagons
Shoals:1: layout_shoals, ebering_ghost_davey_jones
Shoals:2: nicolae_shoals_mermall, layout_shoals, nicolae_stop_n_shop_2
Shoals:3: layout_shoals, serial_shops, shop, nicolae_shop_advertising_works
          [nicolae_subvault_shop_adworks], ebering_ghost_inner_flame,
          portal_ice_cave_entry_pillars_1
Shoals:4: shoals_end_grunt_ice, layout_shoals, serial_shops, shop
Snake:1:  cheibrodos_snake_ritualist_ritual, layout_honeycomb, serial_shops,
          shop
Snake:2:  layout_onion_interference, st_stairs_12, fake_guardian_serpent_vault
Snake:3:  layout_cave_pods, basic_altar, nicolae_snake_bzzzt
Snake:4:  johnstein_snake_rune_scales, layout_chambers,
          gammafunk_ghost_cemetery, grunt_megastairs_5, lemuel_fruit_tree,
          uniq_aizul
Orc:1:    layout_diamond_mine
Orc:2:    st_orc_town, layout_diamond_mine, serial_shops,
          nicolae_shop_bloodbath_and_beyond, shop, shop, nicolae_shop_crystal
Elf:1:    nicolae_elf_arrival_fired_up, layout_gridlike,
          hellmonk_ghost_happy_afterlife, hangedman_elf_disciples,
          minmay_misc_feat_columns, minivault_27, uniq_louise
Elf:2:    nicolae_elf_blades_crystal_corner, layout_geoelf_diagonals,
          serial_shops, nicolae_shop_statue_plus, nicolae_shop_gadgets
Elf:3:    minmay_elf_hall_quartered_circle, layout_geoelf_octagon, drop_trap
Vaults:1: v_misc_17, vaults_standard_mumra_lines,
          nicolae_vaults_little_squares_5, v_misc_26,
          ontoclasm_vaults_misaligned, v_misc_17, vaults_mumra_hex,
          layout_vaults_big_room
Vaults:2: infiniplex_enter_wizlab_glasses, blue_anna_dwarven_crypt,
          nicolae_vaults_twisting_passages, dpeg_vaults_monster_box, v_misc_14,
          grunt_vaults_funnel, nicolae_vaults_little_squares_1,
          nicolae_vaults_rhombus_5, vaults_room_large_hall,
          nicolae_vaults_border_crossing, nicolae_vaults_little_squares_6,
          nicolae_vaults_mini_display_case, nicolae_vaults_ninety_degrees,
          vaults_dpeg_hooks, vaults_room_semicircle, layout_vaults_omnicross,
          serial_shops, nicolae_shop_temple_entry_statues_fountains,
          shop_fountains, shop, uniq_mennas
Vaults:3: v_alt_pattern_6, nicolae_vaults_network_quinsquares
          [nicolae_vaults_network_quincunx_subvault,
          nicolae_vaults_network_quincunx_subvault,
          nicolae_vaults_network_quincunx_subvault,
          nicolae_vaults_network_quincunx_subvault], ontoclasm_vaults_chip,
          grunt_vaults_twisty, nicolae_vaults_yaktaur_gun_rack, v_pattern_3,
          layout_vaults_quadrants, serial_shops, nicolae_lakefront_shop,
          nicolae_shop_temple_entry_statues_fountains, shop_fountains, shop,
          uniq_frederick, uniq_margery
Vaults:4: ontoclasm_vaults_eye, v_rooms_3, grunt_vaults_diagonal,
          hangedman_vaults_restitches, nicolae_vaults_three_branches,
          vaults_room_stairs_pillars, hangedman_vaults_snaps,
          ontoclasm_vaults_chip, nicolae_vaults_specimen_jars,
          layout_vaults_maze_snakey
Vaults:5: serial_shops
Crypt:1:  layout_gridlike, gammafunk_ghost_abyssal_escape
Depths:1: minmay_crescents, layout_gridlike, hell_entry, minmay_hedge_maze,
          corexii_corridor_pit, eino_small_chamber_without_monster,
          chequers_serial_rivers_marsh, kennysheep_big_empty_room,
          minmay_misc_feat_rows, minmay_acid_items
Depths:2: kennysheep_scales, layout_gridlike, serial_sigils_hangedman_snap,
          rand_demon_pan_entry_7, hell_entry, infiniplex_staircase_pool_2
Depths:3: minmay_concentric_multi, layout_small_grid, enter_ziggurat_c,
          abyss_entry, hangedman_abyss_or_decor_slice, hell_entry,
          rand_demon_pan_entry_1, minmay_shop_star, minmay_staircase_bubble
Depths:4: evilmike_zot_entry_diamond, layout_gridville, hell_entry,
          serial_co_window_serial, co_window_corner_a, co_window_paths_b,
          co_window_paths_a, co_window_corner_a, co_window_corner_a,
          co_window_corner_a, co_window_paths_a, co_window_2corner,
          co_window_corner_ca, co_window_2corner, glass_columns_a,
          minmay_shop_grove, uniq_xtahua
Hell
Zot:1:    layout_cellular_growth, st_single_dragon_hoard_1
Zot:2:    layout_gridlike, grunt_ministairs_9
Zot:3:    layout_misc_corridors
Zot:4:    layout_misc_corridors, grunt_ministairs_14, serial_nicolae_subway,
          nicolae_sub_station_crystal, nicolae_sub_station_stone,
          nicolae_sub_station_metal
Zot:5:    layout_concentric_octagons, hangedman_zot_gyre, bh_zot_lava_cross,
          grunt_ministairs_14

Skill      XL: |  1  2  3  4  5  6  7  8  9 10 11 12 13 14 15 16 17 18 19 20 21 22 23 24 25 |
---------------+----------------------------------------------------------------------------+-----
Staves         | 4 5 6 8 9 11 12 14 15 16 17 18 19 20 22 23 | 23.0
Armour         | 4 6 10 11 13 14 16 17 18 20 21 22 | 22.0
Dodging        | 5 6 9 10 11 12 13 15 16 17 18 22 23 | 23.5
Fighting       | 5 9 10 12 14 15 16 18 20 21 22 23 25 26 27 | 27.0
Invocations    | 9 10 11 12 14 16 18 19 | 19.6
Throwing       | 5 9 10 11 | 11.7
Stealth        | 3 5 |  5.0
Transmutations | 3 9 11 | 11.2
Spellcasting   | 2 5 |  5.0

Action                   |  1- 3 |  4- 6 |  7- 9 | 10-12 | 13-15 | 16-18 | 19-21 | 22-24 | 25-27 || total
-------------------------+-------+-------+-------+-------+-------+-------+-------+-------+-------++-------
Melee: Quarterstaff      |    59 |   150 |   307 |   470 |  1772 |    51 |       |       |       ||  2809
       Headbutt          |     7 |    27 |    56 |   132 |   514 |   361 |   428 |   447 |   144 ||  2116
       Lajatang          |       |       |       |       |       |  1163 |  1397 |  1374 |   395 ||  4329
       Staff             |       |       |       |       |       |   175 |    66 |       |       ||   241
       Punch             |       |       |       |       |       |     8 |     2 |       |       ||    10
Throw: Throwing net      |     3 |     1 |     4 |       |     2 |       |       |       |       ||    10
       Javelin           |       |     3 |    19 |       |     8 |       |    45 |     3 |     7 ||    85
       Boomerang         |       |       |     3 |    22 |       |       |       |       |       ||    25
 Cast: Wereblood         |       |       |       |       |       |       |       |    11 |     8 ||    19
Invok: Heroism           |       |       |       |     5 |    23 |    25 |    24 |    21 |     7 ||   105
       Finesse           |       |       |       |       |     8 |     8 |     9 |     7 |     3 ||    35
       Duel              |       |       |       |       |       |       |       |     1 |     1 ||     2
Evoke: Wand              |       |       |     1 |       |     1 |       |     1 |     1 |     2 ||     6
  Use: Scroll            |       |       |    13 |     5 |    12 |    18 |     2 |     2 |     2 ||    54
       Potion            |       |       |     3 |     7 |     1 |     2 |     1 |       |     2 ||    16
 Stab: Held in net/web   |       |       |     1 |       |     5 |     1 |       |       |       ||     7
       Paralysed         |       |       |     7 |       |       |       |       |       |       ||     7
       Invisible         |       |       |       |     5 |       |       |       |       |       ||     5
       Sleeping          |       |       |       |       |    11 |     1 |       |       |       ||    12
       Petrified         |       |       |       |       |     4 |       |       |       |       ||     4
       Confused          |       |       |       |       |       |       |       |       |     1 ||     1
Armor: Leather armour    |     8 |    59 |    12 |       |       |       |       |       |       ||    79
       Ring mail         |       |       |    77 |   150 |   229 |     1 |       |       |       ||   457
       Chain mail        |       |       |       |       |   395 |   149 |       |       |       ||   544
       Crystal plate arm |       |       |       |       |       |   737 |   887 |  1022 |   355 ||  3001
Dodge: Dodged            |    39 |    88 |   115 |   323 |  1419 |  1245 |  1237 |  1720 |   391 ||  6577
